 Dungeon Crawl Stone Soup version 0.27-a0-1278-g6cbc8dfb29 (webtiles) character file.

Game seed: 15099907575190154472

429 bilbop the Bolt Thrower (level 7, -7/44 HPs)
             Began as a Kobold Hunter on June 12, 2021.
             Splashed by a jelly's acid (8 damage)
             ... on level 4 of the Dungeon.
             The game lasted 00:19:27 (4891 turns).

bilbop the Bolt Thrower (Kobold Hunter)             Turns: 4891, Time: 00:19:28

Health: -7/44      AC: -1    Str: 11    XL:     7   Next: 19%
Magic:  7/7        EV: 15    Int: 12    God:
Gold:   147        SH:  0    Dex: 16    Spells: 6/6 levels left

rFire    . . .     SeeInvis .   b - +2 dagger (venom)
rCold    . . .     Faith    .   (shield restricted)
rNeg     . . .     Spirit   .   c - +0 leather armour
rPois    .         Reflect  .   (no helmet)
rElec    .         Harm     .   (no cloak)
rCorr    .         Rampage  .   (no gloves)
Will     .....                  (no boots)
Stlth    +++.......             (no amulet)
HPRegen  0.14/turn              (no ring)
MPRegen  0.10/turn              (no ring)

@: corroded
A: small, no large weapons, nightstalker 3
a: no special abilities


You were on level 4 of the Dungeon.
You visited 1 branch of the dungeon, and saw 4 of its levels.

You collected 147 gold pieces.

Inventory:

Hand Weapons
 a - a +1 hand crossbow
 b - a +2 dagger of venom (weapon)
 i - a +0 short sword
 k - a +0 dagger
Missiles
 d - 5 bolts
 w - 6 atropa-tipped darts (quivered)
Armour
 c - a +0 leather armour (worn)
Jewellery
 l - an amulet of guardian spirit
Wands
 t - a wand of paralysis (13)
 u - a wand of flame (13)
Scrolls
 f - 3 scrolls of identify {unknown}
 g - a scroll of noise {unknown}
 h - a scroll of torment {unknown}
 m - a scroll of immolation {unknown}
 n - 2 scrolls of teleportation {unknown}
 o - 2 scrolls of blinking {unknown}
 q - 2 scrolls of summoning {unknown}
Potions
 e - 2 potions of curing {unknown}
 j - a potion of lignification {unknown}
 p - a potion of might {unknown}
 r - a potion of attraction {unknown}
 s - a potion of brilliance {unknown}
 v - a potion of haste {unknown}


   Skills:
 * Level 4.8 Fighting
 + Level 3.5 Short Blades
 + Level 5.9 Crossbows
 + Level 4.0 Dodging
 + Level 4.1 Stealth


You had 6 spell levels left.
You didn't know any spells.
Your spell library was empty.

Dungeon Overview and Level Annotations

Branches:
Dungeon (4/15)
 Temple: D:4-7

Altars:


Innate Abilities, Weirdness & Mutations

You are small and have problems with some larger weapons.
You are completely attuned to the shadows.


Message History

The helpless jackal fails to defend itself.
You impale the jackal!!
You kill the jackal!
The helpless jackal fails to defend itself.
You impale the jackal!!
You kill the jackal!
No target in view!
A jelly comes into view.
The jelly quivers.
Your +2 dagger of venom stops dripping with poison.
a - a +1 hand crossbow (weapon)
You shoot a bolt. The bolt hits the jelly!
The jelly is heavily wounded.
Your +2 dagger of venom begins to drip with poison!
b - a +2 dagger of venom (weapon)
The jelly hits you. The acid corrodes you!
You are splashed with acid!
You hit the jelly but do no damage.
Your hands burn!
The jelly is heavily wounded.
You hit the jelly but do no damage.
The jelly is poisoned.
Your hands burn!
The jelly is heavily wounded.
The jelly hits you.
You are splashed with acid!
You are too injured to fight recklessly!
You are too injured to fight recklessly!
You are too injured to fight recklessly!
You are too injured to fight recklessly!
You hit the jelly.
Your hands burn!
* * * LOW HITPOINT WARNING * * *
The jelly is heavily wounded.
The jelly closely misses you.
You hit the jelly. The acid corrodes you!
Your hands burn!
* * * LOW HITPOINT WARNING * * *
The jelly is almost dead.
The jelly misses you.
You hit the jelly but do no damage.
Your hands burn!
* * * LOW HITPOINT WARNING * * *
The jelly is almost dead.
The jelly hits you.
* * * LOW HITPOINT WARNING * * *
You are splashed with acid!
You die...

#......####
#......#
#......#
###.######
#.#....#########
#.#....#.......#
#...............
###....#........
#....#...@J...
#.......†.....
#.......#####.
.....# .....#


You could see a jelly (poisoned).

Vanquished Creatures
  2 scorpions
  A hound (D:3)
  Natasha (thrice) (D:3)
  8 gnolls
  An adder (D:2)
  2 worms
  3 dart slugs
  13 ball pythons
  8 endoplasms
  3 giant cockroaches
  11 goblins
  5 hobgoblins
  17 jackals
  5 quokkas (D:1)
  5 bats
  2 frilled lizards
  10 kobolds
  4 rats (D:1)
103 creatures vanquished.

Vanquished Creatures (others)
  9 withered plants (D:3)
9 creatures vanquished.

Grand Total: 112 creatures vanquished

Notes
Turn   | Place    | Note
-------+----------+-------------------------------------------
     0 | D:1      | bilbop the Kobold Hunter began the quest for the Orb.
     0 | D:1      | Reached XP level 1. HP: 12/12 MP: 1/1
    43 | D:1      | Reached XP level 2. HP: 17/18 MP: 2/2
   306 | D:1      | Reached skill level 1 in Short Blades
   376 | D:1      | Reached skill level 5 in Crossbows
   379 | D:1      | Reached XP level 3. HP: 22/22 MP: 3/3
  1225 | D:2      | Reached XP level 4. HP: 28/28 MP: 4/4
  1492 | D:2      | Noticed a scorpion
  1498 | D:2      | Killed a scorpion
  1499 | D:2      | Reached XP level 5. HP: 32/32 MP: 5/5
  2506 | D:3      | Reached XP level 6. HP: 38/38 MP: 6/6
  2809 | D:3      | Found a faded altar of an unknown god.
  3312 | D:3      | Noticed Natasha
  3324 | D:3      | Killed Natasha
  3485 | D:3      | Noticed Natasha
  3493 | D:3      | Killed Natasha
  3863 | D:3      | Noticed Natasha
  3865 | D:3      | Killed Natasha
  4327 | D:3      | Found a faded altar of an unknown god.
  4825 | D:4      | Reached XP level 7. HP: 44/44 MP: 7/7
  4891 | D:4      | HP: 1/44 [jelly (3)]
  4891 | D:4      | Splashed by a jelly's acid

Illustrated notes

Levels and vault maps discovered:
D:1:      minmay_arrival_shoal_huts, layout_loops_ring, minmay_octomino_e4
D:2:      kennysheep_six_static_rooms, layout_loops_corners
D:3:      layout_basic, ebering_ecumenical_altar_petrified, uniq_natasha
D:4:      layout_basic, minmay_checkerbox

Skill      XL: |  1  2  3  4  5  6  7 |
---------------+----------------------+-----
Short Blades   | 1 2 3 |  3.5
Crossbows      | 5 |  5.9
Stealth        | 2 3 4 |  4.1
Fighting       | 3 4 |  4.8
Dodging        | 3 4 |  4.0

Action                   |  1- 3 |  4- 6 |  7- 9 || total
-------------------------+-------+-------+-------++-------
Melee: Short sword       |    11 |       |       ||    11
       Dagger            |     6 |   108 |     9 ||   123
 Fire: Hand crossbow     |    55 |    28 |     1 ||    84
 Stab: Sleeping          |       |    16 |     4 ||    20
       Distracted        |       |     1 |       ||     1
Armor: Leather armour    |     8 |     9 |       ||    17
Dodge: Dodged            |    22 |    75 |     2 ||    99

Table legend: (Time is in decaauts)
 A = Elapsed time spent in this place.
 B = Non-inter-level travel time spent in this place.
 C = Inter-level travel time spent in this place.
 D = Time resting spent in this place.
 E = Time spent auto-exploring this place.
 F = Levels seen in this place.
 G = Mean time per level.
                   A        B        C        D        E       F      G
               +--------+--------+--------+--------+--------+-----+--------+
         Total |   4910 |   4743 |    167 |    295 |   3771 |   4 | 1227.5 |
       Dungeon |   4910 |   4743 |    167 |    295 |   3771 |   4 | 1227.5 |
               +--------+--------+--------+--------+--------+-----+--------+

Top non-repeatable levels by time:
     D:3: 2163 daAuts
     D:2: 1383 daAuts
     D:1: 1254 daAuts
     D:4: 108 daAuts
